MLB
PHILADELPHIA PHILLIES @ WASHINGTON NATIONALS
08/30/2047
 
TOP OF THE 1ST
Philadelphia Phillies batting - Pitching for Washington Nationals : LHP Jaden Asante
Pitching: LHP Jaden Asante
Batting: LHB Eric Katz 0-0: Ball
1-0: Ball
2-0: Called Strike
2-1: Ball
3-1: Fly out, F9 (Flyball, 89M, EV 93.1 MPH)
Batting: RHB Tommie Eaton 0-0: Foul Ball, location: 2F
0-1: Ball
1-1: Foul Ball, location: 2F
1-2: Ball
2-2: Ground out 4-3 (Groundball, 6M, EV 83.8 MPH)
Batting: RHB Chef Belew 0-0: Ball
1-0: Ball
2-0: Ground out U3 (Groundball, 3, EV 87.5 MPH)
Top of the 1st over - 0 runs, 0 hits, 0 errors, 0 left on base; Philadelphia 0 - Washington 0
BOTTOM OF THE 1ST
Washington Nationals batting - Pitching for Philadelphia Phillies : RHP Sean Hill
Pitching: RHP Sean Hill
Batting: LHB Jeff Luvisi 0-0: Called Strike
0-1: Ball
1-1: Fly out, F7 (Line Drive, 7, EV 102.5 MPH)
Batting: LHB Kyung-jin Cho 0-0: Called Strike
0-1: Foul Ball, location: 2F
0-2: Ball
1-2: Foul Ball, location: 2F
1-2: Ball
2-2: Fly out, F9 (Flyball, 9LM, EV 95.6 MPH)
Batting: LHB Seth Cook 0-0: SOLO HOME RUN (Flyball, 9LD, EV 101.2 MPH), Distance : 388 ft
Batting: RHB John Sanders 0-0: Fly out, F4 (Popup, 34, EV 61.2 MPH)
Bottom of the 1st over - 1 run, 1 hit, 0 errors, 0 left on base; Philadelphia 0 - Washington 1
TOP OF THE 2ND
Philadelphia Phillies batting - Pitching for Washington Nationals : LHP Jaden Asante
Batting: SHB Lance Franklin 0-0: Fly out, F7 (Flyball, 7, EV 91.2 MPH)
Batting: RHB Josh Hensley 0-0: Ball
1-0: SINGLE (Line Drive, 5D, EV 98.8 MPH)
Batting: LHB Osamu Kubo 0-0: Called Strike
0-1: Foul Ball, location: 2F
0-2: Foul Ball, location: 2F
0-2: Strikes out swinging
Batting: LHB Nick Canizales 0-0: Foul Ball, location: 2F
0-1: Ground out 4-3 (Groundball, 34, EV 109.4 MPH)
Top of the 2nd over - 0 runs, 1 hit, 0 errors, 1 left on base; Philadelphia 0 - Washington 1
BOTTOM OF THE 2ND
Washington Nationals batting - Pitching for Philadelphia Phillies : RHP Sean Hill
Batting: LHB Alexis Cantu 0-0: Called Strike
0-1: Called Strike
0-2: Strikes out swinging
Batting: RHB Jesse Basich 0-0: Ball
1-0: Ball
2-0: Ball
3-0: Called Strike
3-1: Base on Balls
Batting: LHB Dillon Gonzalez 0-0: Called Strike
0-1: Called Strike
0-2: Ball
1-2: Ball
2-2: Ball
3-2: Foul Ball, location: 2F
3-2: Foul Ball, location: 2F
3-2: Strikes out swinging
Batting: RHB Masashi Yukizawa 0-0: Ball
Jesse Basich steals 2nd base (no throw)
1-0: DOUBLE (Groundball, 3L, EV 103.1 MPH)
Jesse Basich scores
Batting: RHB Takanibu Kaneshiro 0-0: Ball
1-0: Ball
2-0: Ground out 6-3 (Groundball, 6, EV 86.2 MPH)
Bottom of the 2nd over - 1 run, 1 hit, 0 errors, 1 left on base; Philadelphia 0 - Washington 2
TOP OF THE 3RD
Philadelphia Phillies batting - Pitching for Washington Nationals : LHP Jaden Asante
Batting: LHB Danny Hill 0-0: Ground out 3-1 (Groundball, 34S, EV 86.2 MPH)
Batting: SHB Jean-François Bernard 0-0: Called Strike
0-1: Called Strike
0-2: Ball
1-2: Ball
2-2: Ball
3-2: Strikes out swinging
Batting: LHB Eric Katz 0-0: Ball
1-0: Ball
2-0: Called Strike
2-1: Ball
3-1: Foul Ball, location: 2F
3-2: Strikes out looking
Top of the 3rd over - 0 runs, 0 hits, 0 errors, 0 left on base; Philadelphia 0 - Washington 2
BOTTOM OF THE 3RD
Washington Nationals batting - Pitching for Philadelphia Phillies : RHP Sean Hill
Batting: LHB Jeff Luvisi 0-0: Swinging Strike
0-1: Ball
1-1: Ball
2-1: Foul Ball, location: 2F
2-2: Ground out 6-3 (Groundball, 56, EV 80.6 MPH)
Batting: LHB Kyung-jin Cho 0-0: Called Strike
0-1: Ball
1-1: Ball
2-1: Called Strike
2-2: Strikes out swinging
Batting: LHB Seth Cook 0-0: Called Strike
0-1: Swinging Strike
0-2: Strikes out swinging
Bottom of the 3rd over - 0 runs, 0 hits, 0 errors, 0 left on base; Philadelphia 0 - Washington 2
TOP OF THE 4TH
Philadelphia Phillies batting - Pitching for Washington Nationals : LHP Jaden Asante
Batting: RHB Tommie Eaton 0-0: Called Strike
0-1: Ball
1-1: Swinging Strike
1-2: Foul Ball, location: 2F
1-2: Ball
2-2: Strikes out swinging
Batting: RHB Chef Belew 0-0: Called Strike
0-1: Fly out, F3 (Popup, 23F, EV 83.1 MPH)
Batting: SHB Lance Franklin 0-0: Called Strike
0-1: Foul Ball, location: 2F
0-2: Ground out 5-3 (Groundball, 5, EV 87.5 MPH)
Top of the 4th over - 0 runs, 0 hits, 0 errors, 0 left on base; Philadelphia 0 - Washington 2
BOTTOM OF THE 4TH
Washington Nationals batting - Pitching for Philadelphia Phillies : RHP Sean Hill
Batting: RHB John Sanders 0-0: Ball
1-0: Ground out 4-3 (Groundball, 4, EV 86.9 MPH)
Batting: LHB Alexis Cantu 0-0: Called Strike
0-1: Ball
1-1: Ball
2-1: SOLO HOME RUN (Flyball, 7D, EV 98.1 MPH), Distance : 376 ft
Batting: RHB Jesse Basich 0-0: Ground out 4-3 (Groundball, 4, EV 76.9 MPH)
Batting: LHB Dillon Gonzalez 0-0: Ball
1-0: Ball
2-0: Fly out, F8 (Flyball, 8LXD, EV 98.8 MPH)
Bottom of the 4th over - 1 run, 1 hit, 0 errors, 0 left on base; Philadelphia 0 - Washington 3
TOP OF THE 5TH
Philadelphia Phillies batting - Pitching for Washington Nationals : LHP Jaden Asante
Batting: RHB Josh Hensley 0-0: Fly out, F9 (Flyball, 9LMF, EV 91.2 MPH)
Batting: LHB Osamu Kubo 0-0: Ball
1-0: Called Strike
1-1: Called Strike
1-2: Ball
2-2: Ball
3-2: Ground out 6-3 (Groundball, 4M, EV 83.8 MPH)
Batting: LHB Nick Canizales 0-0: Called Strike
0-1: Fly out, F8 (Line Drive, 8LD, EV 85.0 MPH)
Top of the 5th over - 0 runs, 0 hits, 0 errors, 0 left on base; Philadelphia 0 - Washington 3
BOTTOM OF THE 5TH
Washington Nationals batting - Pitching for Philadelphia Phillies : RHP Sean Hill
Batting: RHB Masashi Yukizawa 0-0: Called Strike
0-1: Ground out 6-3 (Groundball, 6, EV 76.9 MPH)
Batting: RHB Takanibu Kaneshiro 0-0: Ball
1-0: Ground out 4-3 (Groundball, 4D, EV 82.5 MPH)
Batting: LHB Jeff Luvisi 0-0: Swinging Strike
0-1: Swinging Strike
0-2: Ball
1-2: Ball
2-2: DOUBLE (Flyball, 89XD, EV 115.6 MPH)
Batting: LHB Kyung-jin Cho 0-0: Called Strike
Jeff Luvisi is caught stealing 3rd base 2-5
Bottom of the 5th over - 0 runs, 1 hit, 0 errors, 0 left on base; Philadelphia 0 - Washington 3
TOP OF THE 6TH
Philadelphia Phillies batting - Pitching for Washington Nationals : LHP Jaden Asante
Batting: LHB Danny Hill 0-0: Called Strike
0-1: Ball
1-1: Ball
2-1: DOUBLE (Line Drive, 89XD, EV 106.9 MPH)
Batting: SHB Jean-François Bernard 0-0: Ball
1-0: Foul Ball, location: 2F
1-1: Ball
2-1: Swinging Strike
2-2: Foul Ball, location: 2F
2-2: Ball
3-2: Strikes out swinging
Batting: LHB Eric Katz 0-0: Called Strike
0-1: Ball
1-1: Foul Ball, location: 2F
1-2: Foul Ball, location: 2F
1-2: Ball
2-2: Fly out, F7 (Line Drive, 7D, EV 93.1 MPH)
Batting: RHB Tommie Eaton 0-0: Swinging Strike
0-1: Ground out 1-3 (Groundball, 15, EV 73.8 MPH)
Top of the 6th over - 0 runs, 1 hit, 0 errors, 1 left on base; Philadelphia 0 - Washington 3
BOTTOM OF THE 6TH
Washington Nationals batting - Pitching for Philadelphia Phillies : RHP Sean Hill
Batting: LHB Kyung-jin Cho 0-0: Ball
1-0: Called Strike
1-1: Fly out, F4 (Line Drive, 4, EV 68.8 MPH)
Batting: LHB Seth Cook 0-0: Called Strike
0-1: Foul Ball, location: 2F
0-2: Fly out, F8 (Flyball, 8RXD, EV 84.4 MPH)
Batting: RHB John Sanders 0-0: Ball
1-0: Foul Ball, location: 2F
1-1: Foul Ball, location: 2F
1-2: Foul Ball, location: 2F
1-2: Ball
2-2: SINGLE (Groundball, 4M, EV 83.1 MPH) (infield hit)
Batting: LHB Alexis Cantu 0-0: Ball
1-0: Ball
2-0: Foul Ball, location: 2F
2-1: Ground out U3 (Groundball, 3, EV 82.5 MPH)
Bottom of the 6th over - 0 runs, 1 hit, 0 errors, 1 left on base; Philadelphia 0 - Washington 3
TOP OF THE 7TH
Philadelphia Phillies batting - Pitching for Washington Nationals : LHP Jaden Asante
Batting: RHB Chef Belew 0-0: Swinging Strike
0-1: Swinging Strike
0-2: Foul Ball, location: 2F
0-2: Ball
1-2: Ball
2-2: Ball
3-2: Ground out U3 (Groundball, 34S, EV 92.5 MPH)
Batting: SHB Lance Franklin 0-0: SINGLE (Line Drive, 78M, EV 88.1 MPH)
Batting: RHB Josh Hensley 0-0: Called Strike
0-1: Ball
1-1: Ball
2-1: Swinging Strike
2-2: Ball
3-2: Foul Ball, location: 2F
3-2: 2-RUN HOME RUN (Flyball, 78XD, EV 106.9 MPH), Distance : 429 ft
Batting: LHB Osamu Kubo 0-0: Ball
1-0: Ball
2-0: Foul Ball, location: 2F
2-1: SINGLE (Groundball, 34D, EV 108.1 MPH)
Batting: SHB Pete Barutha 0-0: Ball
1-0: Ball
2-0: Called Strike
2-1: Foul Ball, location: 2F
2-2: Strikes out swinging
Batting: LHB Danny Hill 0-0: Ground out U3 (Groundball, 3, EV 93.8 MPH)
Top of the 7th over - 2 runs, 3 hits, 0 errors, 1 left on base; Philadelphia 2 - Washington 3
BOTTOM OF THE 7TH
Washington Nationals batting - Pitching for Philadelphia Phillies : RHP Sean Hill
Batting: RHB Jesse Basich 0-0: Ground out 6-3 (Groundball, 6M, EV 80.0 MPH)
Batting: LHB Dillon Gonzalez 0-0: Ball
1-0: Foul Ball, location: 2F
1-1: SOLO HOME RUN (Line Drive, 9LD, EV 101.9 MPH), Distance : 402 ft
Batting: RHB Masashi Yukizawa 0-0: Fly out, F9 (Flyball, 9, EV 94.4 MPH)
Batting: RHB Takanibu Kaneshiro 0-0: Ball
1-0: Ball
2-0: Called Strike
2-1: Ball
3-1: Called Strike
3-2: Ground out 6-3 (Groundball, 6D, EV 102.5 MPH)
Bottom of the 7th over - 1 run, 1 hit, 0 errors, 0 left on base; Philadelphia 2 - Washington 4
TOP OF THE 8TH
Philadelphia Phillies batting - Pitching for Washington Nationals : LHP Jaden Asante
Batting: SHB Jean-François Bernard 0-0: Ball
1-0: Swinging Strike
1-1: Called Strike
1-2: Strikes out swinging
Batting: LHB Eric Katz 0-0: Ball
1-0: Called Strike
1-1: Called Strike
1-2: Strikes out swinging
Batting: RHB Tommie Eaton 0-0: Ball
1-0: Fly out, F8 (Flyball, 8RD, EV 95.0 MPH)
Top of the 8th over - 0 runs, 0 hits, 0 errors, 0 left on base; Philadelphia 2 - Washington 4
BOTTOM OF THE 8TH
Washington Nationals batting - Pitching for Philadelphia Phillies : RHP Sean Hill
Batting: LHB Jeff Luvisi 0-0: Ball
1-0: SINGLE (Flyball, 34D, EV 90.0 MPH)
Pitching: RHP Brian Thomas
Batting: LHB Kyung-jin Cho 0-0: Ball
1-0: Called Strike
1-1: Bunted foul
1-2: Ball
2-2: DOUBLE (Groundball, 3L, EV 105.0 MPH)
Jeff Luvisi to third
Batting: LHB Seth Cook 0-0: Ball
1-0: Called Strike
1-1: Foul Ball, location: 2F
1-2: Ball
2-2: Strikes out swinging
Batting: RHB John Sanders 0-0: Ball
1-0: Swinging Strike
1-1: Ball
2-1: Fly out, F8 (Flyball, 8RD, EV 96.9 MPH)
Runner from 3rd tags up, SCORES, no throw by CF
Batting: LHB Alexis Cantu 0-0: Called Strike
0-1: Ball
1-1: Ball
2-1: Swinging Strike
2-2: Foul Ball, location: 2F
2-2: Strikes out looking
Bottom of the 8th over - 1 run, 2 hits, 0 errors, 1 left on base; Philadelphia 2 - Washington 5
TOP OF THE 9TH
Philadelphia Phillies batting - Pitching for Washington Nationals : LHP Jaden Asante
Pitching: RHP Travis Plesz
Batting: RHB Chef Belew 0-0: Ball
1-0: Ball
2-0: Ball
3-0: Base on Balls
Batting: SHB Lance Franklin 0-0: Called Strike
0-1: Called Strike
0-2: Strikes out swinging
Pinch Hitting: LHB Ryan Trombley 0-0: Ball
1-0: 2-RUN HOME RUN (Flyball, 9LD, EV 93.1 MPH), Distance : 367 ft
Batting: LHB Osamu Kubo 0-0: Ball
1-0: Swinging Strike
1-1: Ball
2-1: Ball
3-1: Base on Balls
Batting: SHB Pete Barutha 0-0: Ball
1-0: Foul Ball, location: 2F
1-1: Fly out, F9 (Flyball, 89S, EV 88.8 MPH)
Batting: LHB Danny Hill 0-0: SINGLE (Flyball, 8RS, EV 89.4 MPH)
Osamu Kubo to second
Runner from 2nd tries for 3rd, SAFE, no throw by CF
Batting: SHB Jean-François Bernard 0-0: Called Strike
0-1: Swinging Strike
0-2: Strikes out swinging
Top of the 9th over - 2 runs, 2 hits, 0 errors, 2 left on base; Philadelphia 4 - Washington 5
Thursday, December 15th , 2022 - OOTP Baseball 23.9 Build 102